 Dungeon Crawl Stone Soup version 0.26-a0-712-ga5a9c9c9d0 (webtiles) character file.

Game seed: 7400540632596638767

10600 Azzok the Severer (level 11, -8/112 HPs)
             Began as a Demonspawn Berserker on Nov 5, 2020.
             Was a High Priest of Trog.
             Mangled by a cyclops (25 damage)
             ... on level 11 of the Dungeon.
             The game lasted 00:14:34 (9508 turns).

Azzok the Severer (Demonspawn Berserker)            Turns: 9508, Time: 00:14:34

Health: -8/112     AC: 17    Str: 21    XL:     11   Next: 38%
Magic:  11/11      EV:  6    Int:  9    God:    Trog [*****.]
Gold:   720        SH:  0    Dex: 12    Spells: 10/10 levels left

rFire    . . .     SeeInvis .   G - +4 battleaxe (freeze)
rCold    . . .     Faith    .   (shield currently unavailable)
rNeg     . . .     Spirit   .   e - +1 plate armour
rPois    +         Reflect  .   I - +2 hat
rElec    .         Harm     .   y - scarf {+Inv}
rCorr    .         Rampage  .   i - +1 pair of gloves
MR       .....                  a - +1 pair of boots
Stlth    ..........             d - amulet of the acrobat
HPRegen  0.28/turn              x - ring of poison resistance
MPRegen  0.12/turn              (no ring)

@: berserking, very quick
A: antennae 2, powered by death 2
a: Berserk, Trog's Hand, Brothers in Arms, Renounce Religion, Evoke Invisibility


You were on level 11 of the Dungeon.
You worshipped Trog.
Trog was extremely pleased with you.
You visited 1 branch of the dungeon, and saw 11 of its levels.
You also visited: Sewer.

You collected 720 gold pieces.

Inventory:

Hand Weapons
 F - a +0 war axe
 G - a +4 battleaxe of freezing (weapon)
 J - a +4 antimagic executioner's axe
Missiles
 n - a throwing net (quivered)
Armour
 a - a +1 pair of boots (worn)
 e - a +1 plate armour (worn)
 i - a +1 pair of gloves (worn)
 y - a scarf of invisibility (worn)
 D - a +0 buckler
 I - a +2 hat (worn)
Jewellery
 d - an amulet of the acrobat (around neck)
 x - a ring of poison resistance (left hand)
 N - an uncursed amulet of guardian spirit {unknown}
Wands
 A - a wand of acid (14)
 O - a wand of iceblast (6)
Scrolls
 c - 2 scrolls of fear {unknown}
 f - 5 scrolls of remove curse
 k - a scroll of amnesia {unknown}
 l - a scroll of blinking {unknown}
 m - 2 scrolls of fog {unknown}
 o - a scroll of magic mapping {unknown}
 s - 4 scrolls of enchant weapon {unknown}
 t - a scroll of noise {unknown}
 v - 5 scrolls of teleportation
 C - a scroll of immolation {unknown}
 E - 3 scrolls of enchant armour
 H - 3 scrolls of identify
 L - a scroll of acquirement {unknown}
Potions
 b - a potion of stabbing {unknown}
 g - 2 potions of ambrosia
 h - a potion of magic
 j - 2 potions of mutation {!q}
 p - a potion of berserk rage
 q - 3 potions of flight
 r - 2 potions of heal wounds
 u - 5 potions of curing
 w - 2 potions of haste
 z - 3 potions of might {unknown}
 B - 3 potions of lignification {unknown}
 K - a potion of brilliance {unknown}
 M - a potion of degeneration {unknown}


   Skills:
 - Level 3.0 Fighting
 + Level 15.6 Axes
 - Level 1.7 Armour
 - Level 1.7 Dodging
 - Level 2.4 Shields


You had 10 spell levels left.
You didn't know any spells.
Your spell library was empty.

Dungeon Overview and Level Annotations

Branches:
Dungeon (11/15)            Temple (0/1) D:7            Lair (0/6) D:9
  Sewer (visited)
    Orc: D:9-12

Altars:
Ashenzari
Hepliaklqana
Makhleb
Trog
Uskayaw
Vehumet
Wu Jian
Yredelemnul
The Shining One

Shops:
D:4 =   D:5 *   D:9 (

Annotations:
D:4 exclusion: statue


Innate Abilities, Weirdness & Mutations

You have a pair of antennae on your head.
You regenerate health from kills.


Message History

You hit the cyclops but do no damage.
The cyclops is almost dead.
The cyclops hits you but does no damage.
You hit the cyclops. You freeze the cyclops.
The cyclops is almost dead.
The cyclops barely misses you.
You barely miss the cyclops.
The cyclops is almost dead.
You completely miss the cyclops.
The cyclops is almost dead.
The cyclops completely misses you.
You hit the cyclops. You freeze the cyclops.
The cyclops is almost dead.
The cyclops hits you!
* * * LOW HITPOINT WARNING * * *
You hit the cyclops. You freeze the cyclops.
The cyclops is almost dead.
A red film seems to cover your vision as you go berserk!
You feel yourself moving faster!
You feel mighty! The cyclops hits you!!
You die...

▒▒▒▒▒▒▒▒▒▒
▒▒▒▒▒▒▒▒▒▒········▒
▒·················▒
▒▒▒▒·················▒
(·······@(··<········▒▒▒▒
·····▒▒▒▒C(····^········<
··· ▒····▒·▒·▒▒▒▒▒▒▒▒▒▒ ·
·············
··▒▒·▒··▒·▒▒·▒▒ ·
··(▒··▒·▒ ·▒ ·▒▒C▒··▒·▒
·▒ ▒ ···▒·▒ ·▒ ·· ▒·


You could see a cyclops.

Vanquished Creatures
  A stone giant (D:9)
  Nergalle (D:10)
  A cyclops (D:9)
  A manticore (D:9)
  Psyche (D:9)
  5 gargoyles (D:10)
  Prince Ribbit (D:7)
  A troll (D:9)
  3 yaks (D:10)
  4 ice beasts
  3 orc warriors
  5 sky beasts
  5 ogres
  2 phantoms
  2 eyes of draining (D:4)
  A centaur (D:5)
  3 big kobolds
  5 bullfrogs
  A gnoll sergeant (D:7)
  A water moccasin zombie (D:8)
  2 scorpions
  11 killer bees (D:9)
  26 wights
  3 howler monkeys (D:7)
  A bullfrog zombie (D:5)
  6 hounds
  A quasit (D:5)
  7 orc wizards
  2 centaur skeletons
  6 orc priests
  3 jellies
  A bullfrog skeleton (D:6)
  2 iguanas
  8 worker ants
  A hound zombie (D:5)
  A hound skeleton (D:8)
  6 gnolls
  3 adders
  A river rat (Sewer)
  2 shadow imps
  2 white imps
  2 ufetubi
  3 oozes
  3 adder zombies
  2 adder skeletons
  5 worms
  2 dart slugs (D:1)
  5 leopard geckos
  24 orcs
  6 giant cockroaches
  5 goblins
  3 hobgoblins
  6 jackals
  22 kobolds
  3 quokkas
  5 bats
  6 frilled lizards
  2 gnoll zombies (D:3)
  A jackal skeleton (D:5)
  A jackal zombie (D:5)
  A leopard gecko skeleton (D:7)
  9 rats
258 creatures vanquished.

Vanquished Creatures (others)
  11 plants (D:9)
11 creatures vanquished.

Grand Total: 269 creatures vanquished

Notes
Turn   | Place    | Note
-------+----------+-------------------------------------------
     0 | D:1      | Azzok the Demonspawn Berserker began the quest for the Orb.
     0 | D:1      | Reached XP level 1. HP: 18/18 MP: 1/1
   166 | D:1      | Reached skill level 3 in Axes
   196 | D:1      | Gained mutation: You regenerate a little health from kills.
                  | [demonic ancestry]
   196 | D:1      | Reached XP level 2. HP: 24/24 MP: 2/2
  1194 | D:2      | Found a burning altar of Makhleb.
  1388 | D:3      | Reached XP level 3. HP: 26/29 MP: 3/3
  1602 | D:3      | Reached skill level 4 in Axes
  1610 | D:3      | Reached XP level 4. HP: 35/35 MP: 4/4
  1611 | D:3      | Reached ** piety under Trog
  1727 | D:3      | Reached skill level 5 in Axes
  1873 | D:3      | Found a basalt altar of Yredelemnul.
  1894 | D:3      | Found a glowing drain.
  1931 | Sewer    | Entered a sewer
  1945 | Sewer    | Gained mutation: You regenerate health from kills. [demonic
                  | ancestry]
  1945 | Sewer    | Reached XP level 5. HP: 12/41 MP: 5/5
  2193 | Sewer    | Found a white marble altar of Elyvilon.
  2523 | D:4      | Found Efri's Jewellery Boutique.
  2543 | D:4      | Reached skill level 6 in Axes
  2665 | D:4      | Found a bloodstained altar of Trog.
  2666 | D:4      | Noticed an eye of draining
  2666 | D:4      | Noticed an eye of draining
  2671 | D:4      | Reached XP level 6. HP: 47/47 MP: 0/6
  2676 | D:4      | Reached skill level 7 in Axes
  2751 | D:4      | Reached *** piety under Trog
  3013 | D:4      | Found a radiant altar of Vehumet.
  3077 | D:4      | Reached XP level 7. HP: 52/52 MP: 7/7
  3225 | D:5      | Entered Level 5 of the Dungeon
  3308 | D:5      | Reached skill level 8 in Axes
  3344 | D:5      | Found a hide-covered altar of Uskayaw.
  3676 | D:5      | Found Visik's Assorted Antiques.
  3727 | D:5      | Found a bloodstained altar of Trog.
  3771 | D:5      | Reached skill level 9 in Axes
  3771 | D:5      | Reached XP level 8. HP: 58/58 MP: 8/8
  3795 | D:5      | Found a glowing golden altar of the Shining One.
  4142 | D:5      | Reached **** piety under Trog
  4142 | D:5      | Reached skill level 10 in Axes
  4949 | D:6      | Reached skill level 11 in Axes
  4949 | D:6      | Reached XP level 9. HP: 63/63 MP: 9/9
  6013 | D:7      | Noticed Prince Ribbit
  6027 | D:7      | Killed Prince Ribbit
  6027 | D:7      | Reached skill level 12 in Axes
  6446 | D:7      | Found a broken altar of Ashenzari.
  6658 | D:7      | Found a staircase to the Ecumenical Temple.
  6826 | D:8      | Reached ***** piety under Trog
  6832 | D:8      | Reached skill level 1 in Shields
  7037 | D:8      | Gained mutation: You have a pair of small antennae on your
                  | head. [demonic ancestry]
  7037 | D:8      | Reached XP level 10. HP: 69/70 MP: 10/10
  7218 | D:8      | Found an ornate altar of the Wu Jian Council.
  7283 | D:8      | Found a hazy altar of Hepliaklqana.
  7338 | D:8      | Reached skill level 13 in Axes
  7495 | D:9      | Noticed a stone giant
  7543 | D:9      | Received a gift from Trog
  7544 | D:9      | Noticed a cyclops
  7559 | D:9      | Killed a cyclops
  7566 | D:9      | Reached skill level 14 in Axes
  7596 | D:9      | Noticed Psyche
  7602 | D:9      | Killed Psyche
  7779 | D:9      | Killed a stone giant
  7796 | D:9      | Noticed a manticore
  7802 | D:9      | Killed a manticore
  7802 | D:9      | Gained mutation: You have a pair of antennae on your head.
                  | [demonic ancestry]
  7802 | D:9      | Reached XP level 11. HP: 33/75 MP: 11/11
  8208 | D:9      | Found Xaniki's Antique Weapon Shop.
  8304 | D:9      | Found a staircase to the Lair.
  8464 | D:10     | Entered Level 10 of the Dungeon
  8552 | D:10     | Noticed Nergalle
  8564 | D:10     | Killed Nergalle
  8564 | D:10     | Reached skill level 15 in Axes
  9508 | D:11     | Mangled by a cyclops

Illustrated notes

Levels and vault maps discovered:
D:1:      erik_arrival_blinker_ship, layout_loops_corners
D:2:      layout_basic, lemuel_statue_altar
D:3:      layout_loops_ring, lemuel_zombie_altar_yredelemnul,
          cheibrodos_sewer_entry_bend, chequers_arboretum
D:4:      layout_rooms, trog_eyes_of_draining, vehumet_statue, serial_shops,
          shop, minmay_misc_feat_roman
D:5:      kennysheep_windowed_halls, layout_cave_pools, lemuel_doored_altar,
          lemuel_crystal_altar, serial_shops, nicolae_shop_trees,
          serial_column_ruins, column_ruins_grid_4, column_ruins_corridor_water,
          column_ruins_open_tiny, column_ruins_open_tiny,
          column_ruins_open_tiny, column_ruins_corridor_straight,
          column_ruins_columns_T, trog_three_pillars_becter
D:6:      layout_layer_cave
D:7:      layout_cave_pools, ashenzari_altar_1, minmay_temple_entry_fiery,
          minivault_22, grunt_ministairs_14, uniq_prince_ribbit1
D:8:      layout_rooms, marbit_many_paths, kennysheep_mini
D:9:      layout_long_grid, david_lair_shrubbed, serial_shops, shop,
          minmay_three_doors, uniq_psyche
D:10:     cheibrodos_statue_roulette, layout_basic, uniq_nergalle
D:11:     layout_basic, kennysheep_orc_monster_closet_entryway

Skill      XL: |  1  2  3  4  5  6  7  8  9 10 11 |
---------------+----------------------------------+-----
Axes           | 3 4 5 6 7 9 11 12 14 15 | 15.6
Shields        | 2 |  2.4
Fighting       | |  3.0
Armour         | |  1.7
Dodging        | |  1.7

Action                   |  1- 3 |  4- 6 |  7- 9 | 10-12 || total
-------------------------+-------+-------+-------+-------++-------
Melee: Hand axe          |    84 |   184 |   568 |       ||   836
       War axe           |       |       |    25 |       ||    25
       Battleaxe         |       |       |     7 |   209 ||   216
Invok: Berserk           |     1 |     2 |     7 |     6 ||    16
       Trog's Hand       |       |       |       |     1 ||     1
Evoke: Wand              |       |       |       |     3 ||     3
  Use: Scroll            |       |       |     9 |     2 ||    11
       Potion            |       |       |       |     2 ||     2
Armor: Animal skin       |     8 |       |       |       ||     8
       Plate armour      |    32 |   109 |   346 |   143 ||   630
Dodge: Dodged            |    45 |    72 |   209 |   117 ||   443
Block: Buckler           |       |       |    13 |       ||    13

Table legend: (Time is in decaauts)
 A = Elapsed time spent in this place.
 B = Non-inter-level travel time spent in this place.
 C = Inter-level travel time spent in this place.
 D = Time resting spent in this place.
 E = Time spent auto-exploring this place.
 F = Levels seen in this place.
 G = Mean time per level.
                   A        B        C        D        E       F      G
               +--------+--------+--------+--------+--------+-----+--------+
         Total |   9549 |   9295 |    254 |   1168 |   6088 |  12 |  795.8 |
       Dungeon |   9217 |   8963 |    254 |   1044 |   5970 |  11 |  837.9 |
         Sewer |    332 |    332 |      0 |    124 |    118 |   1 |  332.0 |
               +--------+--------+--------+--------+--------+-----+--------+

Top non-repeatable levels by time:
     D:5: 1395 daAuts
     D:6: 1327 daAuts
    D:10: 1012 daAuts
     D:9: 858 daAuts
     D:3: 852 daAuts
     D:8: 816 daAuts
     D:7: 804 daAuts
     D:1: 754 daAuts
     D:4: 726 daAuts
     D:2: 626 daAuts
   Sewer: 332 daAuts
    D:11: 42 daAuts
